 Dungeon Crawl Stone Soup version 0.27-a0-1065-ge809cff456 (webtiles) character file.

Game seed: 5420438456070292841

206686 Lemonice the Warrior (level 18, -3/159 HPs)
             Began as a Palentonga Fighter on Apr 22, 2021.
             Was the Champion of the Shining One.
             Killed from afar by a balrug (39 damage)
             ... with a fireball
             ... on level 1 of the Depths on Apr 23, 2021.
             The game lasted 01:46:49 (34804 turns).

Lemonice the Warrior (Palentonga Fighter)          Turns: 34804, Time: 01:46:49

Health: -3/159     AC: 30    Str: 21 (22) XL:     18   Next: 45%
Magic:  24/24      EV:  9    Int: 15 (16) God:    the Shining One [******]
Gold:   885        SH: 18    Dex: 24      Spells: 15/29 levels left

rFire    . . .     SeeInvis +   m - +10 scimitar "Xuji" {vorpal, rN+ Str+3 Dex+4}
rCold    + . .     Faith    .   F - +5 kite shield {reflect}
rNeg     + + +     Spirit   .   I - +0 steam dragon scales
rPois    .         Reflect  +   E - +2 helmet
rElec    .         Harm     .   u - +1 cloak
rCorr    .         Rampage  .   e - +2 pair of gloves
Will     +....                  j - +4 barding of the Apothecary {rC+ Dex+3}
Stlth    +.........             O - amulet of the acrobat
HPRegen  0.36/turn              X - +6 ring of dexterity
MPRegen  0.19/turn              l - +4 ring of slaying

@: corroded, unable to read, glowing, studying Translocations, curled up
A: large, rugged brown scales 3, see invisible, deformed body, roll 1, armoured
tail, reflexive curl, deterioration 1, low mp 1, inability to read while
threatened
a: Rolling Charge, Renounce Religion, Divine Shield, Cleansing Flame, Summon
Divine Warrior, Brand Weapon With Holy Wrath


You were on level 1 of the Depths.
You worshipped the Shining One.
The Shining One was exalted by your worship.
You visited 6 branches of the dungeon, and saw 26 of its levels.
You visited the Abyss 1 time.
You also visited: Bailey and Gauntlet.

You collected 2842 gold pieces.
You spent 1957 gold pieces at shops.

Inventory:

Hand Weapons
 k - a +4 antimagic falchion
 m - the +10 scimitar "Xuji" (weapon) {vorpal, rN+ Str+3 Dex+4}
   (You took it off a gnoll shaman in a bailey)

   It inflicts extra damage upon your enemies.
   It affects your strength (+3).
   It affects your dexterity (+4).
   It protects you from negative energy.
 J - a +4 long sword of holy wrath
 T - a +1 scimitar of flaming
Missiles
 N - 4 throwing nets
Armour
 e - a +2 pair of gloves (worn)
 j - the +4 barding of the Apothecary (worn) {rC+ Dex+3}
   (You acquired it on level 7 of the Dungeon)

   It affects your dexterity (+3).
   It protects you from cold.
 u - a +1 cloak (worn)
 E - a +2 helmet (worn)
 F - a +5 kite shield of reflection (worn)
 I - +0 steam dragon scales (worn)
Jewellery
 a - a ring of magical power
 b - a ring of protection from fire
 d - a +6 ring of intelligence
 l - a +4 ring of slaying (right hand)
 s - a ring of resist corrosion
 B - a ring of ice
 O - an amulet of the acrobat (around neck)
 P - a ring of poison resistance
 X - a +6 ring of dexterity (left hand)
Wands
 o - a wand of iceblast (29)
 x - a wand of acid (18)
 G - a wand of digging (2)
Scrolls
 g - 5 scrolls of fog
 n - 6 scrolls of enchant weapon
 p - 3 scrolls of silence
 q - 3 scrolls of fear
 v - 11 scrolls of teleportation
 y - 2 scrolls of vulnerability
 H - 2 scrolls of amnesia
 K - 3 scrolls of immolation
 Q - 3 scrolls of holy word
 R - 3 scrolls of blinking
 S - 2 scrolls of summoning
 V - 2 scrolls of brand weapon
 W - 2 scrolls of magic mapping
Potions
 f - a potion of magic
 h - 6 potions of lignification
 i - 11 potions of curing
 r - 5 potions of haste
 t - a potion of heal wounds
 z - 5 potions of brilliance
 C - a potion of berserk rage
 D - 3 potions of degeneration
 L - 6 potions of ambrosia
 M - 4 potions of mutation {unknown}
 U - 5 potions of might
 Y - 2 potions of flight
 Z - 3 potions of cancellation
Miscellaneous
 c - a phial of floods
 w - a phantom mirror
 A - a piece from Xom's chessboard (15/15)


   Skills:
 + Level 15.1 Fighting
 + Level 15.0 Long Blades
 + Level 10.9 Armour
 + Level 3.0 Dodging
 + Level 10.9 Shields
 + Level 6.4 Spellcasting
 * Level 10.7 Hexes
 - Level 6.0 Translocations
 - Level 12.0 Invocations


You had 15 spell levels left.
You knew the following spells:

 Your Spells              Type           Power      Damage    Failure   Level
a - Corona                Hex            40%        N/A       1%          1
b - Blink                 Tloc           N/A        N/A       1%          2
c - Slow                  Hex            36%        N/A       1%          2
d - Cause Fear            Hex            18%        N/A       1%          4
e - Silence               Hex/Air        10%        N/A       41%         5

Your spell library contained the following spells:

 Spells                   Type           Power      Damage    Failure   Level
 Apportation              Tloc           46%        N/A       1%          1
 Portal Projectile        Hex/Tloc       60%        N/A       1%          3
 Lesser Beckoning         Tloc           11%        N/A       3%          3
 Dazzling Flash           Conj/Hex       40%        N/A       4%          3
 Inner Flame              Hex/Fire       20%        N/A       4%          3
 Animate Skeleton         Necr           8%         N/A       14%         1
 Foxfire                  Conj/Fire      16%        2x1d4     14%         1
 Magic Dart               Conj           16%        1d3       14%         1
 Pain                     Necr           16%        1d4       14%         1
 Shock                    Conj/Air       16%        1d4       14%         1
 Summon Small Mammal      Summ           16%        N/A       14%         1
 Fulminant Prism          Conj/Hex       10%        3d9       16%         4
 Leda's Liquefaction      Hex/Erth       10%        N/A       16%         4
 Call Imp                 Summ           4%         N/A       22%         2
 Searing Ray              Conj           8%         3d3       22%         2
 Static Discharge         Conj/Air       4%         N/A       22%         2
 Conjure Flame            Conj/Fire      4%         6-21      38%         3
 Ignite Poison            Fire/Tmut/Pois 4%         N/A       38%         3
 Mephitic Cloud           Conj/Pois/Air  4%         N/A       38%         3
 Swiftness                Air            4%         N/A       38%         3
 Vampiric Draining        Necr           2%         2d6       38%         3
 Iskenderun's Mystic Bla  Conj/Tloc      13%        2d5       38%         4
 Yara's Violent Unravell  Hex/Tmut       10%        3d6       41%         5
 Airstrike                Air            2%         N/A       80%         4
 Animate Dead             Necr           2%         N/A       80%         4
 Sticky Flame             Conj/Fire      4%         2d3       80%         4
 Agony                    Necr           4%         N/A       98%         5
 Bolt of Magma            Conj/Fire/Erth 2%         4d4       98%         5
 Fireball                 Conj/Fire      2%         3d4       98%         5
 Lightning Bolt           Conj/Air       2%         1d13      98%         5
 Starburst                Conj/Fire      2%         8x6d3     100%        6
 Discord                  Hex            18%        N/A       100%        8


Dungeon Overview and Level Annotations

Branches:
Dungeon (15/15)            Temple (1/1) D:6            Lair (6/6) D:9
 Shoals (0/4) Lair:3       Spider (0/4) Lair:4        Slime (0/5) Lair:5
    Orc (2/2) D:10            Elf (1/3) Orc:2        Vaults (0/5) D:13
 Depths (1/5) D:15         Bailey (visited)         Gauntlet (visited)

Altars:
Ashenzari
Cheibriados
Dithmenos
Elyvilon
Fedhas
Gozag
Hepliaklqana
Kikubaaqudgha
Makhleb
Nemelex Xobeh
Okawaru
Qazlal
Ru
Sif Muna
Trog
Uskayaw
Vehumet
Wu Jian
Xom
Yredelemnul
Zin
The Shining One
Beogh
Jiyva

Shops:
D:7 (   D:15 *   Orc:2 ((*:   Elf:1 [   Depths:1 !

Portals:
Hell: Depths:1
Pandemonium: Depths:1
Ziggurat: Depths:1

Annotations:
D:5 1 runed translucent door, Sickboy's ghost, novice HOFi


Innate Abilities, Weirdness & Mutations

You are completely covered in rugged brown scales. (AC +3, +7% HP)
You have supernaturally acute eyesight. (SInv)
Armour fits poorly on your strangely shaped body.
You can roll at nearby foes to attack.
You have a long armoured tail.
You curl defensively after being hit.
Your body sometimes deteriorates upon taking damage.
Your magical capacity is low. (-10% MP)
You sometimes lose the ability to read scrolls when taking damage.


Message History

The balrug hits you with a +0 demon whip.
You are engulfed in flames!!
You slash the balrug!
The balrug is heavily wounded.
You block the orange demon's attack. The balrug gestures at you.
Something smites you!
You feel threatened and lose the ability to read scrolls!
You closely miss the balrug.
The balrug is heavily wounded.
The orange demon closely misses you. You block the balrug's attack.
You hit the balrug.
The balrug is heavily wounded.
You slice the balrug!!
The balrug is severely wounded.
You can read scrolls again.
The balrug hits you with a +0 demon whip!
You are engulfed in flames!
You feel threatened and lose the ability to read scrolls!
Your body deteriorates!
You feel dopey. You block the orange demon's attack.
You hit the balrug.
You tail-slap the balrug, but do no damage.
The balrug is severely wounded.
The balrug hits you with a +0 demon whip!!
You are engulfed in flames!
You block the orange demon's attack.
You hit the balrug.
The balrug is severely wounded.
You block the balrug's attack.
You slash the balrug!
The balrug is almost dead.
You block the orange demon's attack.
The balrug hits you with a +0 demon whip!!
* * * LOW HITPOINT WARNING * * *
You are engulfed in flames!!
* * * LOW HITPOINT WARNING * * *
You feel much better. You block the orange demon's attack.
The balrug gestures at you.
The fireball explodes!
The fireball engulfs you!!!
You die...

#.#.#.#.# .[.# ♣≈≈≈≈≈≈≈≈≈≈≈♣
#..#4#∩#.# #..# #≈PP≈≈≈P≈≈≈≈#
#.#.#$#.#.#)..###≈PP≈P≈≈≈≈≈≈# #
..#.#.#.#.#.?...≈≈P≈≈≈≈P≈≈P####
#. #.#.#.#.#..# #P≈≈≈≈≈≈≈≈P≈##.'
....#.#.#.#.#.# #≈≈P≈≈P≈≈≈≈≈...#
#..........4.####≈.≈....P≈P≈.###
######......4.#.........[....# #
###^.....#.#@.............# #
#####.'......#42...##.....+...#
#
......#......####...'.....#...#
# #######......#
#####.....##..### #......#
#>........... #......#
#....####+### ###'####
##..##....... #.# ####.####....
## #.#########....#.###... #


You could see a balrug and an orange demon.

Vanquished Creatures
  An ancient champion (Depths:1)
  Donald (Orc:2)
  A deep elf sorcerer (Elf:1)
  2 frost giants (Depths:1)
  2 orc warlords (Orc:2)
  A balrug (Abyss:2)
  A quicksilver ooze (Gauntlet)
  An ironbound preserver (D:13)
  5 very ugly things (Depths:1)
  4 stone giants
  A minotaur (Gauntlet)
  A deep elf demonologist (Elf:1)
  A dire elephant (Lair:6)
  A yellow draconian (Abyss:2)
  An ettin (Depths:1)
  A green death (Gauntlet)
  Fannar (Lair:2)
  A fire dragon (Depths:1)
  A great orb of eyes (Depths:1)
  A boulder beetle (D:15)
  An ice dragon (Depths:1)
  2 hell beasts (Depths:1)
  An ogre mage (D:15)
  10 hydras
  3 catoblepae
  7 centaur warriors
  7 two-headed ogres
  4 dancing weapons
  4 tengu warriors
  5 death yaks (Lair:6)
  4 orc high priests (Orc:2)
  A deep elf knight (Elf:1)
  An iron troll (Depths:1)
  A fire crab (Gauntlet)
  2 spatial maelstroms (Abyss:2)
  An infernal demonspawn (Depths:1)
  2 lindwurms (Lair:6)
  2 starcursed masses (Abyss:2)
  6 orc knights
  2 wizards (Elf:1)
  5 deep elf archers (Elf:1)
  16 deep elf pyromancers
  11 deep elf zephyrmancers (Elf:1)
  5 orc sorcerers (Orc:2)
  5 oklob plants
  2 wolf spiders
  A worldbinder (Abyss:2)
  2 shining eyes (Depths:1)
  15 ugly things
  3 cyclopes
  8 manticores
  10 black mambas
  17 elephants
  3 guardian serpents
  2 rust devils (Depths:1)
  2 smoke demons
  2 torpor snails (Lair:6)
  25 cane toads
  2 gargoyles (D:11)
  2 orange demons
  An eye of devastation (Depths:1)
  A cane toad (shapeshifter) (D:14)
  2 unseen horrors
  2 rime drakes (Lair:6)
  A freezing wraith (D:15)
  9 komodo dragons
  A tengu conjurer (Depths:1)
  An efreet (D:14)
  A yaktaur (D:10)
  4 kobold demonologists
  An ancient zyme (Abyss:2)
  8 trolls
  A troll (shapeshifter) (D:15)
  A queen bee (Gauntlet)
  A meliai (shapeshifter) (D:14)
  A jumping spider (Lair:4)
  A hornet (shapeshifter) (D:15)
  3 meliai (D:15)
  A red devil (Gauntlet)
  11 polar bears
  A wolf spider simulacrum (D:14)
  14 blink frogs
  3 hornets
  9 dream sheep
  12 slime creatures
  2 shadows
  8 wraiths
  4 redbacks (Lair:6)
  A tarantella (shapeshifter) (D:13)
  3 water elementals
  61 yaks
  3 vampires
  12 wyverns
  2 golden eyes (Abyss:2)
  2 steam dragons
  3 basilisks
  2 fire elementals (Elf:1)
  4 fire bats (Gauntlet)
  Eustachio (D:5)
  4 vampire mosquitoes (D:14)
  Menkaure (D:5)
  4 wargs
  3 acid dragons
  A hell hound (Gauntlet)
  27 water moccasins
  A large abomination (Abyss:2)
  35 orc warriors
  Duvessa (D:6)
  4 sky beasts
  A black bear (shapeshifter) (D:13)
  3 black bears
  A necrophage (D:6)
  17 ogres
  A boggart (Elf:1)
  32 wolves
  14 centaurs
  A phantom (D:4)
  3 kobold brigands
  Blork the orc (D:6)
  6 gnoll sergeants (Bailey)
  6 bullfrogs
  An earth elemental (Elf:1)
  2 scorpions (D:4)
  Dowan (D:6)
  6 killer bees
  12 wights
  A small abomination (Abyss:2)
  7 howler monkeys
  A bullfrog zombie (D:6)
  3 crimson imps (Gauntlet)
  A centaur zombie (D:10)
  2 jellies
  A quasit (Abyss:2)
  32 orc priests
  5 gnoll shamans
  5 hounds
  2 centaur skeletons
  2 iguanas
  13 orc wizards
  5 hell rats (Lair:2)
  2 hound zombies
  2 howler monkey zombies
  17 gnolls
  11 adders
  A white imp (D:5)
  3 ufetubi
  An adder skeleton (D:4)
  2 worms
  7 dart slugs
  96 orcs
  7 bats
  5 endoplasms
  6 giant cockroaches
  4 goblins
  8 hobgoblins
  8 jackals
  13 kobolds
  7 quokkas
  A ball python (D:1)
  4 frilled lizards
  8 rats
914 creatures vanquished.

Vanquished Creatures (collateral kills)
  2 bone dragons (Abyss:2)
  A tentacled starspawn (Abyss:2)
  A stone giant zombie (Abyss:2)
  A small abomination (Abyss:2)
  A gnoll sergeant (Bailey)
  2 gnoll shamans (Bailey)
  2 gnolls (Bailey)
  2 starspawn tentacles (Abyss:2)
12 creatures vanquished.

Vanquished Creatures (others)
  An ice dragon (Depths:1)
  A deep elf knight (Elf:1)
  A deep elf archer (Elf:1)
  2 deep elf pyromancers (Elf:1)
  A gnoll sergeant (Bailey)
  A centaur (D:14)
  An orc priest (Orc:2)
  A gnoll (Bailey)
  68 fungi
  132 plants
  5 starspawn tentacles (Abyss:2)
214 creatures vanquished.

Grand Total: 1140 creatures vanquished

Notes
Turn   | Place    | Note
-------+----------+-------------------------------------------
     0 | D:1      | Lemonice the Palentonga Fighter began the quest for the
                  | Orb.
     0 | D:1      | Reached XP level 1. HP: 19/19 MP: 1/1
   149 | D:1      | Reached XP level 2. HP: 12/25 MP: 2/2
   708 | D:1      | Reached XP level 3. HP: 31/31 MP: 3/3
  1413 | D:2      | Reached XP level 4. HP: 37/37 MP: 4/4
  1992 | D:2      | Learned a level 1 spell: Corona
  2045 | D:3      | Found a radiant altar of Vehumet.
  2201 | D:3      | Found a glowing silver altar of Zin.
  2652 | D:4      | Noticed a centaur
  2663 | D:4      | Killed a centaur
  2664 | D:4      | Reached XP level 5. HP: 19/44 MP: 5/5
  2876 | D:4      | Reached skill level 1 in Hexes
  3047 | D:4      | Noticed a water moccasin
  3052 | D:4      | Noticed an orc warrior
  3055 | D:4      | Killed a water moccasin
  3056 | D:4      | Reached skill level 1 in Spellcasting
  3056 | D:4      | Reached XP level 6. HP: 30/51 MP: 7/7
  3749 | D:5      | Entered Level 5 of the Dungeon
  3749 | D:5      | Noticed Menkaure
  3761 | D:5      | Killed Menkaure
  3762 | D:5      | Gained mutation: You curl defensively after being hit.
                  | [Palentonga growth]
  3762 | D:5      | Reached XP level 7. HP: 39/58 MP: 9/9
  4163 | D:5      | Noticed Eustachio
  4174 | D:5      | Killed Eustachio
  4175 | D:5      | Reached skill level 5 in Fighting
  4283 | D:5      | Found a runed translucent door.
  4605 | D:5      | Reached skill level 5 in Long Blades
  4608 | D:5      | Reached XP level 8. HP: 32/66 MP: 11/11
  4837 | D:5      | Noticed Sickboy's ghost (novice HOFi)
  6079 | D:6      | Noticed Blork the orc
  6087 | D:6      | Killed Blork the orc
  6501 | D:6      | Noticed Dowan
  6505 | D:6      | Noticed Duvessa
  6512 | D:6      | Killed Dowan
  6540 | D:6      | Reached XP level 9. HP: 45/75 MP: 13/13
  6542 | D:6      | Killed Duvessa
  6808 | D:6      | Found a staircase to the Ecumenical Temple.
  6837 | Temple   | Entered the Ecumenical Temple
  6845 | Temple   | Became a worshipper of the Shining One
  7409 | D:7      | Identified a scroll of acquirement
  7415 | D:7      | Acquired 780 gold pieces
  7424 | D:7      | Found a sparkling altar of Nemelex Xobeh.
  7431 | D:7      | Found a broken altar of Ashenzari.
  7476 | D:7      | Acquired the +4 barding of the Apothecary {rC+ Dex+3}
  7626 | D:7      | Found Oguaxtof's Antique Weapon Shop.
  7660 | D:7      | Found a flagged portal.
  7669 | Bailey   | Entered a bailey
  8289 | Bailey   | Identified the +10 scimitar "Xuji" {vorpal, rN+ Str+3
                  | Dex+4}
  8356 | Bailey   | Reached skill level 5 in Armour
  8498 | D:7      | Reached * piety under the Shining One
  8499 | D:7      | Reached skill level 5 in Shields
  8702 | D:7      | Identified the +0 chain mail of the Moon {Will+ Dex+3}
  8802 | D:7      | Identified the Almanac of the Scorching Voyage
  9206 | D:8      | Reached XP level 10. HP: 63/85 MP: 16/16
  9215 | D:8      | Noticed a two-headed ogre
  9296 | D:8      | Killed a two-headed ogre
  9486 | D:8      | Noticed a two-headed ogre
  9490 | D:8      | Killed a two-headed ogre
  9583 | D:8      | Reached ** piety under the Shining One
 10187 | D:9      | Found a staircase to the Lair.
 10208 | D:9      | Reached skill level 5 in Spellcasting
 10861 | D:10     | Entered Level 10 of the Dungeon
 10904 | D:10     | Found a staircase to the Orcish Mines.
 10968 | D:10     | Reached XP level 11. HP: 95/95 MP: 18/18
 11268 | D:10     | Reached *** piety under the Shining One
 11328 | D:10     | Noticed a centaur warrior
 11337 | D:10     | Killed a centaur warrior
 11346 | D:10     | Reached skill level 10 in Fighting
 11382 | D:10     | Noticed a red ugly thing
 11382 | D:10     | Noticed a white ugly thing
 11389 | D:10     | Killed a red ugly thing
 11390 | D:10     | Reached skill level 10 in Long Blades
 11393 | D:10     | Killed a white ugly thing
 11397 | D:10     | Identified the +3 great mace "Adibluwest" {protect, *Slow
                  | rElec rN+ MP-9 Int+5}
 11397 | D:10     | Noticed a deep elf pyromancer
 11408 | D:10     | Killed a deep elf pyromancer
 11692 | D:10     | Found a basalt altar of Yredelemnul.
 11853 | D:10     | Identified Jilasch's Grimoire of Heat
 11864 | D:10     | Learned a level 2 spell: Blink
 11936 | D:10     | Reached skill level 1 in Translocations
 12029 | D:10     | Found an ornate altar of the Wu Jian Council.
 12250 | Lair:1   | Entered Level 1 of the Lair of Beasts
 12436 | Lair:1   | Identified the +1 hunting sling of the Big Fish {flame,
                  | *Corrode Str+7 Int+2 Stlth-}
 12715 | Lair:1   | Reached XP level 12. HP: 105/105 MP: 19/19
 12796 | Lair:1   | Reached **** piety under the Shining One
 13188 | Lair:2   | Noticed Fannar
 13201 | Lair:2   | Killed Fannar
 13208 | Lair:2   | Reached skill level 5 in Translocations
 13390 | Lair:2   | Learned a level 2 spell: Slow
 14011 | Lair:2   | Noticed an eight-headed hydra
 14019 | Lair:2   | Killed a three-headed hydra
 14806 | Lair:3   | Reached XP level 13. HP: 107/115 MP: 20/20
 14975 | Lair:3   | Found a staircase to the Shoals.
 15523 | Lair:4   | Found a gate leading to a gauntlet.
 15546 | Gauntlet | Entered a Gauntlet
 15546 | Gauntlet | Found a transporter.
 15548 | Gauntlet | Reached ***** piety under the Shining One
 15712 | Gauntlet | Found a transporter.
 15715 | Gauntlet | Found a transporter.
 15716 | Gauntlet | Found a transporter.
 15720 | Gauntlet | Found a runed translucent door.
 15720 | Gauntlet | Found a runed translucent door.
 15724 | Gauntlet | Found a transporter.
 15727 | Gauntlet | Found a transporter.
 15728 | Gauntlet | Found a transporter.
 15737 | Gauntlet | Found a transporter.
 15739 | Gauntlet | Found a transporter.
 15740 | Gauntlet | Found a transporter.
 15746 | Gauntlet | Noticed a quicksilver ooze
 15748 | Gauntlet | Found a transporter.
 15751 | Gauntlet | Found a transporter.
 15752 | Gauntlet | Found a transporter.
 15756 | Gauntlet | Noticed a green death
 15765 | Gauntlet | Found a transporter.
 16080 | Gauntlet | Killed a quicksilver ooze
 16100 | Gauntlet | Killed a green death
 16282 | Gauntlet | Identified the +6 broad axe "Thing" {flame, *Rage rPois
                  | rCorr}
 16282 | Gauntlet | Identified the +1 arbalest "Bung" {elec, Fly Int+4 Dex-5}
 16282 | Gauntlet | Noticed a minotaur
 16289 | Gauntlet | Killed a minotaur
 16290 | Gauntlet | Reached skill level 1 in Invocations
 16305 | Gauntlet | Identified the +5 dire flail of Fate {antimagic, rC+++ MP+9
                  | Str+3 Dex-4}
 16761 | Lair:4   | Found a hole to the Spider Nest.
 18103 | D:11     | Reached XP level 14. HP: 126/126 MP: 21/21
 19569 | D:13     | Reached skill level 5 in Invocations
 19599 | D:13     | Identified the +1 dagger of the Gloaming {speed, *Slow
                  | Str+10}
 19632 | D:13     | HP: 6/126 [manticore/volley of spikes (12)]
 19662 | D:13     | Noticed an ironbound preserver
 19668 | D:13     | Killed an ironbound preserver
 20707 | D:13     | Found a gate to the Vaults.
 21207 | Orc:1    | Entered Level 1 of the Orcish Mines
 21350 | Orc:2    | Entered Level 2 of the Orcish Mines
 21684 | Orc:2    | Noticed Donald
 21693 | Orc:2    | Killed Donald
 21693 | Orc:2    | Noticed an orc warlord
 21703 | Orc:2    | Killed an orc warlord
 22233 | Orc:2    | Reached ****** piety under the Shining One
 22407 | Orc:2    | Found Vom Jamu's Weapon Emporium.
 22425 | Orc:2    | Found Dediefum's Antique Weapon Shoppe.
 22614 | Orc:2    | Found Muunk's Assorted Antiques.
 22646 | Orc:2    | Bought a scroll labelled LAQAZ MI TEPT for 36 gold pieces
 22646 | Orc:2    | Bought a scroll of identify for 72 gold pieces
 22646 | Orc:2    | Bought a yellow potion for 32 gold pieces
 22646 | Orc:2    | Bought a metallic golden potion for 32 gold pieces
 22673 | Orc:2    | Noticed an orc warlord
 22699 | Orc:2    | Killed an orc warlord
 23087 | Orc:2    | Found Ocvapp's Book Shop.
 23096 | Orc:2    | Reached XP level 15. HP: 126/133 MP: 22/22
 23106 | Orc:2    | Bought a book of Hexes for 850 gold pieces
 23111 | Orc:2    | Learned a level 4 spell: Cause Fear
 23117 | Orc:2    | Learned a level 5 spell: Silence
 23214 | Orc:2    | Found a staircase to the Elven Halls.
 24681 | Lair:5   | Identified the +0 ring mail of the Mantidfly {Regen+ Str+2
                  | Int+4}
 24794 | Lair:5   | Found a runed translucent door.
 24794 | Lair:5   | Found a viscous altar of Jiyva.
 24797 | Lair:5   | Found a staircase to the Slime Pits.
 25085 | Lair:5   | Reached skill level 5 in Hexes
 25201 | Lair:6   | Entered Level 6 of the Lair of Beasts
 25429 | Lair:6   | Found a stormy altar of Qazlal.
 26475 | Lair:6   | Reached skill level 10 in Invocations
 28283 | Elf:1    | Entered Level 1 of the Elven Halls
 28312 | Orc:2    | Reached skill level 10 in Shields
 28550 | Elf:1    | Reached skill level 10 in Armour
 28550 | Elf:1    | Reached XP level 16. HP: 143/143 MP: 23/23
 28771 | Elf:1    | Cast into level 2 of the Abyss (a deep elf sorcerer)
 28854 | Abyss:2  | Noticed a bone dragon
 28862 | Abyss:2  | Killed a bone dragon
 28933 | Abyss:2  | Noticed a tentacled starspawn
 28942 | Abyss:2  | Noticed a bone dragon
 28948 | Abyss:2  | Killed a bone dragon
 29000 | Abyss:2  | Killed a tentacled starspawn
 29007 | Elf:1    | Escaped the Abyss
 29662 | Elf:1    | Found Vepruk's Armour Boutique.
 29664 | Elf:1    | Noticed a Brimstone Fiend
 31778 | D:15     | Entered Level 15 of the Dungeon
 31989 | D:15     | Found Nilipny's Assorted Antiques.
 32011 | D:15     | Bought a scroll of teleportation for 84 gold pieces
 32025 | D:15     | Found a staircase to the Depths.
 32475 | D:15     | Reached XP level 17. HP: 149/149 MP: 26/26
 32500 | D:15     | Reached skill level 1 in Dodging
 32733 | D:15     | Found a white marble altar of Elyvilon.
 33194 | Depths:1 | Entered Level 1 of the Depths
 33198 | Depths:1 | Found a gateway to Hell.
 33414 | Depths:1 | Found a gateway to a ziggurat.
 33494 | Depths:1 | Reached skill level 10 in Hexes
 33555 | Depths:1 | Paralysed by a great orb of eyes for 5 turns
 33589 | Depths:1 | Reached skill level 15 in Fighting
 33589 | Depths:1 | Reached XP level 18. HP: 159/159 MP: 20/27
 33673 | Depths:1 | Gained mutation: You sometimes lose the ability to read
                  | scrolls when taking damage. [a shining eye]
 33675 | Depths:1 | Gained mutation: Your magical capacity is low. (-10% MP) [a
                  | shining eye]
 33678 | Depths:1 | Gained mutation: Your body sometimes deteriorates upon
                  | taking damage. [a shining eye]
 33935 | Depths:1 | Found Nostripnu's Distillery.
 33941 | Depths:1 | Bought a potion of might for 92 gold pieces
 33941 | Depths:1 | Bought 2 potions of curing for 138 gold pieces
 33941 | Depths:1 | Bought 2 potions of heal wounds for 230 gold pieces
 33941 | Depths:1 | Bought 2 potions of ambrosia for 368 gold pieces
 33943 | Depths:1 | Bought a potion of degeneration for 23 gold pieces
 34162 | Depths:1 | Reached skill level 15 in Long Blades
 34774 | Depths:1 | Found a one-way gate leading to the halls of Pandemonium.
 34804 | Depths:1 | Killed from afar by a balrug

Illustrated notes

Levels and vault maps discovered:
D:1:      sevenhm_arrival_forest_fort_small_3, layout_loops_ring
D:2:      layout_rooms, serial_forest, infiniplex_forest_lined_3_way,
          infiniplex_forest_lined_3_way, infiniplex_forest_join,
          infiniplex_forest_straight_4, infiniplex_forest_end_2,
          minmay_small_reverse_x
D:3:      layout_rooms, zin_scriptorium, nicolae_overflow_crystal_walls,
          serial_bayou_lagoon_a
D:4:      layout_basic
D:5:      layout_loops_ring, gammafunk_ghost_grave,
          hangedman_abyss_or_decor_stabs, wad_floor_pattern_2,
          minmay_misc_feat_square, hellmonk_bongcloud_opening, uniq_menkaure,
          uniq_eustachio
D:6:      layout_basic, minmay_temple_entry_ruins, uniq_duvessa,
          uniq_blork_the_orc
D:7:      layout_cave_pods, grunt_temple_overflow_open, serial_shops,
          nicolae_shop_overgrown_old_shop, enter_bailey_8
D:8:      layout_rooms
D:9:      layout_loops_corners, lair_entry_dummy, dk_noncrumbling_4
D:10:     minmay_the_grid_octo_triangle [minmay_the_grid_octo_horde,
          minmay_the_grid_octo_prize_square_snowflake, minmay_the_grid_octo_77],
          layout_irregular_city, kennysheep_mini_moat,
          lemuel_coloured_pillars_altar, david_orc_3
D:11:     layout_roguey, skrybe_limestone_x, kennysheep_generic_room_10
D:12:     layout_stronghold, fake_guardian_serpent_vault
D:13:     layout_layer_cave, skrybe_vaults_entry_preservation
D:14:     layout_cave_pools, chequers_serial_rivers_micro_e
D:15:     grunt_enter_depths_giant_problem, layout_basic,
          nicolae_elyvilon_temple_path, serial_shops, shop
Temple:   lightli_temple_of_artemis
Lair:1:   layout_regular_city, beast_lair_carwin_7, infiniplex_staircase_pool_2
Lair:2:   beast_lair_carwin_large_2, layout_cave_pods, uniq_fannar
Lair:3:   minmay_lair_venomous_thicket, layout_misc_corridors,
          shoals_dummy_entry
Lair:4:   layout_gridlike, spider_nest_entry_rubble, gauntlet_entry_generic
Lair:5:   layout_misc_corridors, slime_altar_2, minmay_lair_oklob_bushes,
          chequers_serial_rivers_micro_c
Lair:6:   hangedman_lair_in_review, layout_regular_city,
          hangedman_lair_tendril_chambers, basic_altar,
          minmay_lair_oklob_chamber
Orc:1:    layout_diamond_mine
Orc:2:    pubby_orc_utopia, uniq_donald
Elf:1:    eino_elf_arrival_sip, layout_geoelf_grid, serial_shops,
          nicolae_shop_crystal, hangedman_elf_disciples
Depths:1: layout_roguey, enter_ziggurat_d, grunt_mini_vestibule,
          rand_demon_pan_entry_3, lemuel_flamethrower_hall, minmay_shop_star,
          serial_bayou_shore_a

Skill      XL: |  1  2  3  4  5  6  7  8  9 10 11 12 13 14 15 16 17 18 |
---------------+-------------------------------------------------------+-----
Armour         | 3 4 5 6 7 8 9 10 | 10.9
Long Blades    | 3 4 5 6 7 9 10 11 13 14 15 | 15.0
Shields        | 3 4 5 6 7 8 9 10 | 10.9
Fighting       | 4 5 6 7 9 10 12 13 14 15 | 15.1
Hexes          | 1 2 3 4 7 9 10 | 10.7
Spellcasting   | 1 2 3 4 5 6 |  6.4
Translocations | 3 6 |  6.0
Invocations    | 3 8 10 12 | 12.0
Dodging        | 2 3 |  3.0

Action                   |  1- 3 |  4- 6 |  7- 9 | 10-12 | 13-15 | 16-18 || total
-------------------------+-------+-------+-------+-------+-------+-------++-------
Melee: Long sword        |   112 |   136 |   343 |       |       |       ||   591
       Tailslap          |    15 |    17 |    48 |    80 |   224 |   130 ||   514
       Scimitar          |       |       |    43 |   370 |   946 |   497 ||  1856
       Falchion          |       |       |       |     5 |    38 |    12 ||    55
 Cast: Corona            |       |       |     2 |       |       |       ||     2
       Blink             |       |       |       |       |       |     2 ||     2
Invok: Summon Divine War |       |       |       |       |       |     4 ||     4
 Abil: Rolling Charge    |       |    12 |    59 |    67 |   180 |    73 ||   391
Evoke: Piece from Xom's  |       |       |    10 |       |       |       ||    10
       Wand              |       |       |    13 |       |    11 |     8 ||    32
       Phial of floods   |       |       |       |       |     1 |       ||     1
  Use: Potion            |       |     1 |     5 |       |     2 |     7 ||    15
       Scroll            |       |       |     9 |     4 |    19 |     7 ||    39
 Stab: Petrified         |       |       |     5 |       |       |       ||     5
       Confused          |       |       |     1 |       |       |       ||     1
Armor: Scale mail        |    59 |   103 |   143 |       |       |       ||   305
       Skin              |       |       |    11 |       |       |       ||    11
       Steam dragon scal |       |       |    62 |   157 |   332 |   132 ||   683
Dodge: Dodged            |    28 |    45 |   100 |    62 |   167 |    87 ||   489
Block: Kite shield       |    56 |    84 |   212 |   185 |   603 |   290 ||  1430
       Reflection        |       |       |       |       |     3 |    29 ||    32
       Rpst.: Long sword |    13 |    11 |    24 |       |       |       ||    48
       Scimitar          |       |       |     3 |    17 |    42 |    16 ||    78
       Falchion          |       |       |       |       |     1 |     1 ||     2

Table legend: (Time is in decaauts)
 A = Elapsed time spent in this place.
 B = Non-inter-level travel time spent in this place.
 C = Inter-level travel time spent in this place.
 D = Time resting spent in this place.
 E = Time spent auto-exploring this place.
 F = Levels seen in this place.
 G = Mean time per level.
                   A        B        C        D        E       F      G
               +--------+--------+--------+--------+--------+-----+--------+
         Total |  34769 |  33134 |   1635 |   7016 |  19262 |  29 | 1198.9 |
       Dungeon |  18056 |  17038 |   1018 |   2647 |  11316 |  15 | 1203.7 |
        Temple |    124 |    124 |      0 |      0 |     96 |   1 |  124.0 |
          Lair |   8690 |   8368 |    322 |   1975 |   4811 |   6 | 1448.3 |
  Orcish Mines |   3124 |   2887 |    237 |    729 |   1617 |   2 | 1562.0 |
   Elven Halls |   1556 |   1500 |     56 |    236 |    864 |   1 | 1556.0 |
        Depths |   1439 |   1439 |      0 |    482 |    492 |   1 | 1439.0 |
         Abyss |    218 |    218 |      0 |     27 |     42 |   1 |  218.0 |
        Bailey |    802 |    802 |      0 |    465 |     23 |   1 |  802.0 |
      Gauntlet |    757 |    757 |      0 |    454 |      0 |   1 |  757.0 |
               +--------+--------+--------+--------+--------+-----+--------+

Top non-repeatable levels by time:
   Orc:2: 2871 daAuts
  Lair:6: 2819 daAuts
     D:4: 1739 daAuts
     D:6: 1659 daAuts
   Elf:1: 1556 daAuts
  Lair:2: 1553 daAuts
    D:15: 1514 daAuts
    D:12: 1495 daAuts
    D:13: 1492 daAuts
    D:10: 1478 daAuts
Depths:1: 1439 daAuts
     D:5: 1285 daAuts
     D:1: 1235 daAuts
  Lair:5: 1183 daAuts
     D:9: 1173 daAuts
